 Dungeon Crawl Stone Soup version 0.31-a0-152-g6aa68a64a1 (webtiles) character file.

Game seed: 10088904375566278123

144 zazu2006 the Trooper (level 5, -2/47 HPs)
             Began as a Gnoll Wanderer on June 9, 2023.
             Killed from afar by a kobold (8 damage)
             ... with a puff of flame
             ... on level 4 of the Dungeon.
             The game lasted 00:07:26 (2301 turns).

zazu2006 the Trooper (Gnoll Wanderer)               Turns: 2301, Time: 00:07:26

Health: -2/47      AC:  4    Str: 12    XL:     5   Next: 26%
Magic:  8/9        EV: 12    Int: 14    God:
Gold:   148        SH:  0    Dex: 16    Spells: 9/10 levels left

rFire   . . .        a - +1 short sword
rCold   . . .        (no shield)
rNeg    . . .        c - +0 robe
rPois   .            o - +2 hat
rElec   .            (no cloak)
rCorr   .            (no gloves)
SInv    .            (no boots)
Will    .....        (no amulet)
Stlth   ++           g - +6 ring of dexterity
HPRegen 0.27/turn    k - ring of wizardry
MPRegen 0.11/turn

%: wizardry (x1)
@: lethally poisoned (-2 -> -4)
A: fangs 1, strong nose, distributed training
a: no special abilities


You were on level 4 of the Dungeon.
You visited 1 branch of the dungeon, and saw 4 of its levels.

You collected 148 gold pieces.

Inventory:

Hand Weapons
 a - a +1 short sword (weapon)
Missiles
 l - 3 poisoned darts
Armour
 c - a +0 robe (worn)
 o - a +2 hat (worn)
Jewellery
 g - a +6 ring of dexterity (left hand)
 k - a ring of wizardry (right hand)
Scrolls
 d - 2 scrolls of magic mapping {unknown}
 j - a scroll of fog {unknown}
 m - a scroll of fear {unknown}
 p - a scroll of identify {unknown}
Potions
 b - a potion of attraction
 e - a potion of berserk rage {unknown}
 f - a potion of invisibility {unknown}
 h - a potion of mutation {unknown}
 i - a potion of enlightenment {unknown}
 n - a potion of heal wounds {unknown}


   Skills:
 + Level 6.7 Fighting
 + Level 4.8 Short Blades
 + Level 1.4 Long Blades
 + Level 1.4 Axes
 + Level 1.4 Maces & Flails
 + Level 1.4 Polearms
 + Level 1.4 Staves
 + Level 1.4 Ranged Weapons
 + Level 3.0 Throwing
 + Level 1.4 Armour
 + Level 1.4 Dodging
 + Level 1.4 Stealth
 + Level 1.4 Shields
 + Level 1.4 Unarmed Combat
 + Level 3.1 Spellcasting
 + Level 1.1 Conjurations
 + Level 5.5 Hexes
 + Level 1.1 Summonings
 + Level 1.1 Necromancy
 + Level 1.1 Translocations
 + Level 1.1 Transmutations
 + Level 1.1 Fire Magic
 + Level 1.1 Ice Magic
 + Level 1.1 Air Magic
 + Level 1.1 Earth Magic
 + Level 1.1 Poison Magic
 + Level 1.6 Invocations
 + Level 1.4 Evocations


You had 9 spell levels left.
You knew the following spells:

 Your Spells              Type           Power      Damage    Failure   Level
a - Slow                  Hex            68%        N/A       1%          1

Your spell library contained the following spells:

 Spells                   Type           Power      Damage    Failure   Level
 Confusing Touch          Hex            17%        N/A       2%          3
 Tukima's Dance           Hex            17%        N/A       2%          3
 Conjure Ball Lightning   Conj/Air       2%         3x3d6     100%        6
 Discord                  Hex            8%         N/A       100%        8
 Disjunction              Tloc           2%         N/A       100%        8


Dungeon Overview and Level Annotations

Branches:
Dungeon (4/15)
 Temple: D:4-7

Altars:
Ashenzari


Innate Abilities, Weirdness & Mutations

You have very sharp teeth.
Your uncanny sense of smell can sniff out nearby items.
Your experience applies equally to all skills.


Message History

There is a stone staircase leading up here.
Things that are here:
a +0 flail; a +0 flail; an orc corpse
There is a stone staircase leading up here.
The ogre attacks as you move away! The ogre hits you with a +0 giant club!
Casting: Slow (safe; 1% risk of failure)
Confirm with . or Enter, or press ? or * to list all spells.
Aiming: Slow (safe; 1% risk of failure)
Press: ? - help, Shift-Dir - straight line, f/p - ogre
Aim: an ogre, wielding a +0 giant club (chance to affect: 50%)
The ogre seems to slow down.
The ogre barely misses you.
There is a stone staircase leading up here.
Okay, then.
You climb upwards.
There is a stone staircase leading down here.
There is an escape hatch in the floor here.
You slide downwards.
The hatch slams shut behind you.
Found a book of Debilitation.
Found a stone staircase leading down.
A kobold comes into view.
It is wielding a +0 short sword, quivering poisoned darts and carrying a wand of flame (24).
Found a scroll labelled SOVIVI NUEKAAS.
The kobold shouts!
The kobold zaps a wand.
The puff of flame hits you!
The kobold throws a poisoned dart.
The poisoned dart hits you!
You are poisoned.
You feel sick.
The kobold zaps a wand.
The puff of flame misses you.
You feel sick.
Found a broken altar of Ashenzari.
You feel sick.
The kobold zaps a wand.
The puff of flame hits you!
Casting: Slow (safe; 1% risk of failure)
Confirm with . or Enter, or press ? or * to list all spells.
Aiming: Slow (safe; 1% risk of failure)
Press: ? - help, Shift-Dir - straight line, f - kobold
Aim: a kobold, wielding a +0 short sword, quivering poisoned darts and carrying a wand of flame (21) (chance to affect: 67%)
The kobold struggles to resist.
You feel sick.
The kobold zaps a wand.
The puff of flame hits you!
* * * LOW HITPOINT WARNING * * *
You closely miss the kobold. Your bite misses the kobold.
You feel sick.
The kobold zaps a wand.
The puff of flame hits you!
You die...

#.#.# ## #..#
#.. #.#.###.#
#.##.#.###
#.........
#..#...###.
#####..........
...........####
.######.#@.#
...#K>#
.....?..#
####......
........ ∆
≈≈≈...###.
≈≈≈..## .#
_.≈≈.# #


You could see a kobold.

Vanquished Creatures
  4 adders
  2 worms
  6 dart slugs
  3 orcs
  6 ball pythons
  7 bats
  4 endoplasms
  4 giant cockroaches
  11 goblins
  10 hobgoblins
  3 jackals (D:3)
  4 quokkas
  5 frilled lizards
  6 kobolds
  6 rats
81 creatures vanquished.

Notes
Turn   | Place    | Note
-------+----------+-------------------------------------------
     0 | D:1      | zazu2006 the Gnoll Wanderer began the quest for the Orb.
     0 | D:1      | zazu2006 set off with the following items: a +1 short
                  | sword, a potion of attraction, a +0 robe; and the following
                  | spell memorised: Slow; and the following spells available
                  | to memorise: Confusing Touch, Tukima's Dance.
     0 | D:1      | Reached XP level 1. HP: 23/23 MP: 4/4
   194 | D:1      | Reached XP level 2. HP: 20/29 MP: 5/5
   493 | D:1      | Reached XP level 3. HP: 30/35 MP: 7/7
   606 | D:1      | Reached skill level 1 in Invocations
   818 | D:1      | Reached skill level 1 in Long Blades
   818 | D:1      | Reached skill level 1 in Axes
   818 | D:1      | Reached skill level 1 in Maces & Flails
   818 | D:1      | Reached skill level 1 in Polearms
   818 | D:1      | Reached skill level 1 in Staves
   818 | D:1      | Reached skill level 1 in Ranged Weapons
   818 | D:1      | Reached skill level 1 in Armour
   818 | D:1      | Reached skill level 1 in Dodging
   818 | D:1      | Reached skill level 1 in Stealth
   818 | D:1      | Reached skill level 1 in Shields
   818 | D:1      | Reached skill level 1 in Unarmed Combat
   818 | D:1      | Reached skill level 1 in Evocations
  1014 | D:2      | Reached XP level 4. HP: 38/41 MP: 8/8
  1249 | D:2      | Reached skill level 1 in Conjurations
  1249 | D:2      | Reached skill level 1 in Summonings
  1249 | D:2      | Reached skill level 1 in Necromancy
  1249 | D:2      | Reached skill level 1 in Translocations
  1249 | D:2      | Reached skill level 1 in Transmutations
  1249 | D:2      | Reached skill level 1 in Fire Magic
  1249 | D:2      | Reached skill level 1 in Ice Magic
  1249 | D:2      | Reached skill level 1 in Air Magic
  1249 | D:2      | Reached skill level 1 in Earth Magic
  1249 | D:2      | Reached skill level 1 in Poison Magic
  1684 | D:3      | Reached XP level 5. HP: 38/47 MP: 9/9
  1884 | D:3      | Upgraded the game from 0.31-a0-150-g89dc3ad700 to
                  | 0.31-a0-152-g6aa68a64a1
  2220 | D:4      | Noticed an ogre
  2299 | D:4      | Found a broken altar of Ashenzari.
  2301 | D:4      | Killed from afar by a kobold

Illustrated notes

Levels and vault maps discovered:
D:1:      erik_arrival_orb_chamber, layout_basic
D:2:      layout_basic
D:3:      kennysheep_big_flooded_room, layout_rooms, grunt_decor_arrowhead,
          minivault_19
D:4:      minmay_wonky_spiral, layout_loops_ring, general_overflow_altar,
          minmay_temple_entry_antechambers, serial_shops,
          nicolae_shop_peninsula, kennysheep_small_square

Skill      XL: |  1  2  3  4  5 |
---------------+----------------+-----
Invocations    | 1 |  1.6
Long Blades    | 1 |  1.4
Axes           | 1 |  1.4
Maces & Flails | 1 |  1.4
Polearms       | 1 |  1.4
Staves         | 1 |  1.4
Ranged Weapons | 1 |  1.4
Armour         | 1 |  1.4
Dodging        | 1 |  1.4
Stealth        | 1 |  1.4
Shields        | 1 |  1.4
Unarmed Combat | 1 |  1.4
Evocations     | 1 |  1.4
Spellcasting   | 3 |  3.1
Conjurations   | 1 |  1.1
Summonings     | 1 |  1.1
Necromancy     | 1 |  1.1
Translocations | 1 |  1.1
Transmutations | 1 |  1.1
Fire Magic     | 1 |  1.1
Ice Magic      | 1 |  1.1
Air Magic      | 1 |  1.1
Earth Magic    | 1 |  1.1
Poison Magic   | 1 |  1.1
Throwing       | 3 |  3.0
Fighting       | |  6.7
Short Blades   | |  4.8
Hexes          | |  5.5

Action                     |  1- 3 |  4- 6 || total
---------------------------+-------+-------++-------
  Melee: Short sword       |   151 |   144 ||   295
         Bite              |    11 |    17 ||    28
         Punch             |       |     1 ||     1
   Cast: Slow              |       |    13 ||    13
   Stab: Sleeping          |     3 |     6 ||     9
 Armour: Robe              |    35 |    23 ||    58
  Dodge: Dodged            |    86 |    64 ||   150

Table legend: (Time is in decaauts)
 A = Elapsed time spent in this place.
 B = Non-inter-level travel time spent in this place.
 C = Inter-level travel time spent in this place.
 D = Time resting spent in this place.
 E = Time spent auto-exploring this place.
 F = Levels seen in this place.
 G = Mean time per level.
                   A        B        C        D        E       F      G
               +--------+--------+--------+--------+--------+-----+--------+
         Total |   2232 |   2175 |     57 |      0 |   1466 |   4 |  558.0 |
       Dungeon |   2232 |   2175 |     57 |      0 |   1466 |   4 |  558.0 |
               +--------+--------+--------+--------+--------+-----+--------+

Top non-repeatable levels by time:
     D:1: 788 daAuts
     D:3: 652 daAuts
     D:2: 595 daAuts
     D:4: 196 daAuts
